 Dungeon Crawl Stone Soup version 0.22-a0-374-g5dfd9e3 (webtiles) character file.

225760 Ijustatesigmund the Exorcist (level 19, -5/124 HPs)
             Began as a Gargoyle Artificer on Apr 25, 2018.
             Was an Elder of the Shining One.
             Blown up by an orb spider (23 damage)
             ... with an orb of destruction
             ... on level 2 of the Spider Nest on Apr 26, 2018.
             The game lasted 02:31:26 (39863 turns).

Ijustatesigmund the Exorcist (Gargoyle Artificer)  Turns: 39863, Time: 02:31:27

Health: -5/124     AC: 37    Str: 17    XL:     19   Next: 33%
Magic:  0/33       EV: 12    Int: 17    God:    the Shining One [****..]
Gold:   1701       SH:  0    Dex: 15    Spells: 17/18 levels left

rFire    + + +     SeeInvis .   U - +7 great mace "Firestarter" {inner flame, rF++}
rCold    x . .     Gourm    .   (shield currently unavailable)
rNeg     + + +     Faith    .   m - +1 fire dragon scales
rPois    ∞         Spirit   +   e - +2 hat
rElec    +         Reflect  .   S - +2 cloak
rCorr    +         Harm     .   W - +1 pair of gloves
MR       +++..                  T - +1 pair of boots {Fly}
Stlth    ..........             n - amulet of guardian spirit
HPRegen  0.30/turn              R - ring of resist corrosion
MPRegen  0.23/turn              X - ring of the Mage {Wiz MR++ Int+3}

@: very slightly contaminated, slowed, glowing, studying 2 skills, very slow
A: antennae 1, big wings, hooves 1, negative energy resistance 1, electricity
resistance, wild magic 1, unbreathing, petrification resistance, rot immunity,
AC +14
}: 1/15 runes: decaying
a: Fly, Divine Shield, Cleansing Flame, Renounce Religion, Evoke Flight


You were on level 2 of the Spider Nest.
You worshipped the Shining One.
The Shining One was greatly pleased with you.
You were not hungry.

You visited 7 branches of the dungeon, and saw 32 of its levels.
You also visited: Labyrinth and Ossuary.

You collected 3136 gold pieces.
You spent 1435 gold pieces at shops.

Inventory:

Hand Weapons
 l - a +0 morningstar
 F - a +1 flail
 U - the +7 great mace "Firestarter" (weapon) {inner flame, rF++}
   (You found it on level 12 of the Dungeon)

   It has been specially enchanted to burn those struck by it, causing extra
   injury to most foes and up to half again as much damage against particularly
   susceptible opponents.
   It greatly protects you from fire.
Missiles
 y - 13 steel javelins (quivered)
 V - 7 silver tomahawks
Armour
 e - a +2 hat (worn)
 k - a +1 troll leather armour
 m - +1 fire dragon scales (worn)
 D - a +7 large shield of reflection
 S - a +2 cloak (worn)
 T - a +1 pair of boots of flying (worn)
 W - a +1 pair of gloves (worn)
Jewellery
 n - an amulet of guardian spirit (around neck)
 o - a +4 ring of dexterity
 u - an uncursed ring of fire
 B - the ring of Qodumop {*Slow rF+ rC++ SInv}
   (You found it on level 2 of the Swamp)

   [ring of see invisible]

   It protects you from fire.
   It greatly protects you from cold.
   It lets you see invisible.
   It may slow you when you take damage.
 K - an uncursed ring of magical power
 R - a ring of resist corrosion (left hand)
 X - the ring of the Mage (right hand) {Wiz MR++ Int+3}
   (You bought it in a shop on level 15 of the Dungeon)

   [ring of wizardry]

   It improves your spell success rate.
   It affects your intelligence (+3).
   It affects your resistance to hostile enchantments.
Wands
 a - a wand of scattershot (3)
 c - a wand of flame (64)
 d - a wand of enslavement (28)
 i - a wand of digging (27)
 v - a wand of iceblast (21)
 P - a wand of polymorph (47)
 Y - a wand of disintegration (12)
Scrolls
 p - 2 scrolls of blinking
 q - 2 scrolls of enchant weapon
 w - 4 scrolls of immolation
 x - 5 scrolls of remove curse
 z - 7 scrolls of amnesia
 A - 5 scrolls of fog
 G - 19 scrolls of identify
 M - 3 scrolls of magic mapping
 N - a scroll of summoning
Potions
 b - 4 potions of ambrosia
 g - 13 potions of curing
 h - 9 potions of brilliance
 j - 2 potions of flight
 r - 8 potions of lignification
 s - 2 potions of invisibility
 C - 2 potions of cancellation
 E - 2 potions of magic
 H - 2 potions of might
 Q - a potion of resistance
 Z - a potion of agility
Books
 t - a manual of Earth Magic
 O - a manual of Bows
Miscellaneous
 J - a lamp of fire
Comestibles
 f - 49 rations


   Skills:
 - Level 15.1 Fighting
   Level 0.8 Short Blades
 - Level 14.9 Maces & Flails
 - Level 6.4 Throwing
 + Level 10.7 Armour
 - Level 5.0 Dodging
 - Level 1.1 Stealth
 - Level 12.5 Shields
 - Level 11.0 Earth Magic
 - Level 20.9 Invocations
 - Level 2.6 Evocations


You had 17 spell levels left.
You knew the following spells:

 Your Spells              Type           Power        Failure   Level  Hunger
a - Sandblast             Erth           #####.       1%          1    ##.....


Dungeon Overview and Level Annotations

Branches:
Dungeon (15/15)            Temple (1/1) D:6            Lair (6/6) D:11
  Swamp (4/4) Lair:2       Spider (2/4) Lair:3        Slime (0/5) Lair:5
    Orc (2/2) D:11            Elf (0/3) Orc:2        Vaults (2/5) D:14
  Crypt (0/3) Vaults:2     Depths (0/5) D:15

Altars:
Ashenzari
Cheibriados
Dithmenos
Elyvilon
Fedhas
Gozag
Hepliaklqana
Kikubaaqudgha
Makhleb
Nemelex Xobeh
Okawaru
Qazlal
Ru
Sif Muna
Trog
Uskayaw
Vehumet
Wu Jian
Xom
Yredelemnul
Zin
The Shining One
Beogh
Jiyva

Shops:
D:5 ?   D:6 (   D:15 =*%}   Orc:2 :(*[

Annotations:
D:8 Psyche
D:9 exclusion: ice statue
Vaults:2 Saint Roka


Innate Abilities, Weirdness & Mutations

You are resistant to torment.
Your stone body is resilient. (AC +14)
You are immune to poison.
Your large and strong wings let you fly indefinitely.
You resist negative energy. (rN+)
You are resistant to electric shocks. (rElec)
You can survive without breathing.
You are immune to petrification.
You are immune to rotting.
You have a pair of small antennae on your head.
You have large cloven feet.
Your spells are a little harder to cast, but a little more powerful.


Message History

Okay, then.
Throwing (i - inventory. (/) - cycle)
y - 15 steel javelins (quivered)
Press: ? - help, Shift-Dir - straight line, f/p - orb spider
Aim: an orb spider (almost dead, fully charged, clinging, haloed)
You throw a steel javelin.
The steel javelin hits the jumping spider!
The jumping spider is heavily wounded.
The jumping spider is engulfed in blazing flames.
The jumping spider leaps!
The jumping spider is engulfed in blazing flames.
You kill the jumping spider!
The orb spider weaves a glowing orb of energy.
An orb of destruction comes into view.
Throwing (i - inventory. (/) - cycle)
y - 14 steel javelins (quivered)
Press: ? - help, Shift-Dir - straight line, f/p - orb spider
Aim: an orb spider (almost dead, clinging, haloed)
You throw a steel javelin. The steel javelin hits the orb spider!
You kill the orb spider!
The orb of destruction hits you!
You die...

##########
#....#....
###........#
#.##..%.....##
###§##.......%..#
#.@§§.w.........
#..§§(.#.)#...
##^..###..#.#
....# #†..##
###.. ##s..# #..
#%..#
#....§#..###
.s#.###..%.# #
#.s%.##


You could see a torpor snail.

Vanquished Creatures
  Nikola (Swamp:1)
  Asterion (Spider:2)
  Rupert (D:14)
  Gastronok (Lair:1)
  Frances (Spider:1)
  A sphinx (Vaults:2)
  2 thorn hunters (Swamp:4)
  Roxanne (D:15)
  An orc warlord (Orc:2)
  5 vault wardens
  Louise (Spider:1)
  An emperor scorpion (Spider:2)
  5 ironheart preservers
  4 very ugly things (Vaults:1)
  3 stone giants
  A minotaur (Lab)
  Snorg (Lair:4)
  The ghost of VDreamerV the Carver, a journeyman FoFi of Qazlal (Lair:3)
  Josephine (Lair:4)
  2 fire dragons
  2 ettins
  4 yaktaur captains
  2 great orbs of eyes
  3 vault guards (Vaults:1)
  An ice dragon (Vaults:1)
  Harold (D:10)
  22 hydras
  Erolcha (D:11)
  A ghost crab (Swamp:4)
  A death knight (D:14)
  7 centaur warriors
  5 orc high priests
  4 ogre magi
  6 two-headed ogres
  5 death yaks
  12 alligators
  3 tengu warriors (D:15)
  4 deep elf knights
  A shadow wraith (Vaults:1)
  4 skeletal warriors (D:14)
  2 wizards
  14 swamp dragons
  3 deep trolls (Vaults:1)
  2 deep elf archers
  2 unseen horrors
  A shambling mangrove (Swamp:3)
  4 spriggan druids
  9 orc knights
  4 ironbrand convokers
  A lindwurm (Swamp:4)
  5 harpies
  2 orb spiders
  A necromancer (Vaults:2)
  7 orc sorcerers
  22 deep elf magi
  10 ugly things
  5 wolf spiders
  5 manticores
  14 elephants
  A cyclops (shapeshifter) (Vaults:1)
  6 cyclopes
  2 moths of wrath (Spider:1)
  3 vault sentinels (Vaults:1)
  5 gargoyles
  A centaur zombie (D:14)
  17 spiny frogs
  3 kobold demonologists
  8 komodo dragons
  2 demonic crawlers
  4 rime drakes
  A freezing wraith (Vaults:2)
  18 yaktaurs
  2 ice devils (D:13)
  6 jumping spiders
  7 hornets
  12 polar bears
  A harpy skeleton (D:15)
  7 trolls
  6 tyrant leeches
  7 hippogriffs
  A meliai zombie (D:12)
  23 slime creatures
  13 dream sheep
  A blink frog (shapeshifter) (Vaults:2)
  4 bog bodies
  28 blink frogs
  A flying skull (Vaults:2)
  2 raiju (Lair:6)
  A frost giant simulacrum (Vaults:1)
  3 shadows
  9 redbacks
  A vampire (D:15)
  3 spriggans
  2 tarantellas (Spider:1)
  A centaur simulacrum (D:15)
  5 wraiths
  28 yaks
  7 basilisks
  2 steam dragons (Lair:6)
  2 hungry ghosts
  20 vampire mosquitoes
  23 insubstantial wisps
  11 swamp worms
  12 wargs
  A soldier ant (D:15)
  2 acid dragons (Lair:6)
  8 water moccasins
  15 hell hounds (Lair:6)
  Duvessa (D:7)
  8 porcupines
  An ice beast (shapeshifter) (Vaults:1)
  9 swamp drakes
  46 orc warriors
  3 sky beasts
  13 black bears
  A necrophage (D:6)
  An eye of draining (D:13)
  3 ice beasts
  19 wolves
  20 ogres
  20 centaurs
  13 crocodiles
  7 boggarts
  14 bullfrogs
  A wyvern zombie (D:14)
  3 big kobolds
  A gnoll sergeant (D:11)
  Dowan (D:7)
  3 wyvern skeletons
  3 scorpions
  12 killer bees
  4 howler monkeys
  16 wights
  4 electric eels
  6 crimson imps
  3 bullfrog zombies
  2 quasits (D:8)
  6 hounds
  20 orc wizards
  7 jellies
  A gnoll shaman (D:4)
  31 orc priests
  Crazy Yiuf (D:7)
  2 bullfrog skeletons
  5 centaur skeletons
  2 iguanas
  12 worker ants
  8 mummies (Ossuary)
  A hound skeleton (D:4)
  3 worker ant zombies
  10 gnolls
  17 adders
  A shadow imp (D:8)
  7 oozes
  2 adder skeletons
  A worm (D:3)
  8 leopard geckos
  115 orcs
  3 bats
  3 giant cockroaches
  2 gnoll zombies (Ossuary)
  2 goblins (D:3)
  2 hobgoblins
  20 jackals
  27 kobolds
  7 quokkas
  A ball python (D:4)
  3 frilled lizards
  2 hobgoblin zombies (Ossuary)
  A jackal skeleton (D:5)
  A kobold zombie (Ossuary)
  A leopard gecko skeleton (D:2)
  A leopard gecko zombie (D:5)
  3 orc zombies (Ossuary)
  2 rats
  2 fungi
  A plant (Lair:6)
1167 creatures vanquished.

Vanquished Creatures (collateral kills)
  2 thorn hunters (Swamp:3)
  Donald (Swamp:3)
  A stone giant (Vaults:2)
  An alligator (Swamp:4)
  A deep elf mage (Vaults:1)
  An elephant (Lair:2)
  2 spiny frogs (Swamp:3)
  A tyrant leech (Swamp:3)
  A bog body (Swamp:3)
  A swamp worm (Swamp:3)
  A jelly (D:2)
13 creatures vanquished.

Vanquished Creatures (others)
  2 fire giants
  A two-headed ogre (Vaults:2)
  2 centaur warriors
  Sonja (Orc:2)
  A deep elf archer (D:14)
  2 lindwurms (Swamp:4)
  5 yaktaurs (Vaults:1)
  2 slime creatures (Vaults:1)
  A spriggan (Swamp:2)
  A swamp drake (Swamp:4)
  11 centaurs
  A jelly (D:2)
  A gnoll (D:4)
  An ooze (D:2)
  3 orcs
  A frilled lizard (D:3)
  4 kobolds
  4 fungi
  18 plants
  12 toadstools (D:2)
74 creatures vanquished.

Grand Total: 1254 creatures vanquished

Notes
Turn   | Place    | Note
-------+----------+-------------------------------------------
     0 | D:1      | Ijustatesigmund the Gargoyle Artificer began the quest for the Orb.
     0 | D:1      | Reached XP level 1. HP: 12/12 MP: 2/2
   540 | D:1      | Reached XP level 2. HP: 17/17 MP: 4/4
  1303 | D:2      | Found a deep blue altar of Sif Muna.
  1327 | D:2      | Reached skill level 1 in Maces & Flails
  1364 | D:2      | You fall through a shaft for 2 floors!
  1434 | D:3      | Reached XP level 3. HP: 21/22 MP: 5/5
  1742 | D:2      | Reached XP level 4. HP: 27/27 MP: 6/6
  2136 | D:2      | Reached XP level 5. HP: 32/32 MP: 7/7
  2566 | D:3      | Found a sparkling altar of Nemelex Xobeh.
  2772 | D:3      | Reached skill level 1 in Armour
  3315 | D:4      | Noticed an ogre
  3318 | D:4      | Killed an ogre
  3318 | D:4      | Reached XP level 6. HP: 38/38 MP: 8/8
  3761 | D:4      | Reached XP level 7. HP: 44/44 MP: 9/9
  3802 | D:4      | Reached skill level 5 in Maces & Flails
  4276 | D:4      | Reached skill level 5 in Fighting
  4311 | D:5      | Entered Level 5 of the Dungeon
  4359 | D:5      | Found Kuajiu's Magic Scroll Shoppe.
  4370 | D:5      | Noticed a hippogriff
  4571 | D:5      | Killed a hippogriff
  4571 | D:5      | Reached XP level 8. HP: 20/51 MP: 4/10
  4673 | D:5      | Bought a scroll of blinking for 90 gold pieces
  4673 | D:5      | Bought a scroll of teleportation for 36 gold pieces
  4673 | D:5      | Bought a scroll of fear for 42 gold pieces
  4779 | D:5      | Found a sand-covered staircase.
  4786 | Ossuary  | Entered an ossuary
  5887 | D:5      | Found an ancient bone altar of Kikubaaqudgha.
  6034 | D:6      | Found a staircase to the Ecumenical Temple.
  6081 | Temple   | Entered the Ecumenical Temple
  6391 | D:6      | Got a translucent quarterstaff
  6392 | D:6      | Identified the +4 quarterstaff of Pasos {pain, *Drain Fragile rPois rN+++} (You found it on level 6 of the Dungeon)
  6470 | D:6      | Reached XP level 9. HP: 57/57 MP: 9/11
  6640 | D:6      | Found Ostue's Antique Weapon Shoppe.
  7161 | D:7      | Noticed Dowan
  7165 | D:7      | Noticed Duvessa
  7178 | D:7      | Killed Duvessa
  7183 | D:7      | Killed Dowan
  7277 | D:7      | Found a glowing golden altar of the Shining One.
  7278 | D:7      | Found a blossoming altar of Fedhas.
  7284 | D:7      | Became a worshipper of the Shining One
  7438 | D:7      | Reached skill level 1 in Invocations
  7568 | D:7      | Reached skill level 2 in Invocations
  7787 | D:7      | Found a runed door.
  7791 | D:7      | Noticed Crazy Yiuf
  7794 | D:7      | Killed Crazy Yiuf
  7855 | D:7      | Reached skill level 3 in Invocations
  8030 | D:7      | Reached skill level 1 in Shields
  8270 | D:8      | Found an ornate altar of the Wu Jian Council.
  8430 | D:8      | Noticed Psyche
  8444 | D:8      | Reached skill level 4 in Invocations
  8610 | D:8      | Found a shadowy altar of Dithmenos.
  8634 | D:8      | Reached * piety under the Shining One
  8852 | D:8      | Reached skill level 5 in Invocations
  8877 | D:8      | Reached XP level 10. HP: 50/64 MP: 12/14
  9079 | D:9      | Reached skill level 5 in Shields
  9079 | D:9      | Reached skill level 6 in Invocations
  9284 | D:9      | Noticed an ice statue
  9295 | D:9      | Reached ** piety under the Shining One
  9295 | D:9      | Noticed a two-headed ogre
  9324 | D:9      | Noticed a gargoyle
  9332 | D:9      | Reached skill level 7 in Invocations
  9345 | D:9      | Killed a gargoyle
  9617 | D:9      | Killed a two-headed ogre
  9617 | D:9      | Reached skill level 8 in Invocations
  9660 | D:9      | Identified a scroll of acquirement
  9663 | D:9      | Got a transparent dire flail
  9669 | D:9      | Identified the +1 dire flail of the Establishment {crush, rElec rF+ Str+2} (You acquired it on level 9 of the Dungeon)
 10129 | D:9      | Reached XP level 11. HP: 62/68 MP: 17/17
 10298 | D:9      | Reached skill level 9 in Invocations
 10548 | D:10     | Entered Level 10 of the Dungeon
 10548 | D:10     | Noticed Harold
 10746 | D:10     | Killed Harold
 10765 | D:10     | Noticed a two-headed ogre
 10774 | D:10     | Killed a two-headed ogre
 10841 | D:10     | Got a bloodstained flail
 10842 | D:10     | Identified the +3 flail of Kech {drain, *Corrode Int+8} (You found it on level 10 of the Dungeon)
 11290 | D:11     | Reached skill level 10 in Invocations
 11384 | D:11     | Found a staircase to the Orcish Mines.
 11558 | D:11     | Got an encrusted leather armour
 11569 | D:11     | Identified the +2 leather armour of Ubyuteol {MP+9 Str-4 Int+3} (You found it on level 11 of the Dungeon)
 11644 | D:11     | Noticed Erolcha
 11659 | D:11     | Killed Erolcha
 11659 | D:11     | Reached skill level 10 in Shields
 11850 | D:11     | Found a staircase to the Lair.
 11874 | D:11     | Noticed a manticore
 11890 | D:11     | Killed a manticore
 11914 | D:11     | Got a dull robe
 11925 | D:11     | Identified the +0 robe of Distant Worlds {-Cast +Blink rElec rN+} (You found it on level 11 of the Dungeon)
 12015 | D:11     | Noticed a sixfirhy
 12445 | D:12     | Noticed an orc knight
 12447 | D:12     | Noticed a cyclops
 12467 | D:12     | Found a runed door.
 12753 | D:12     | Reached *** piety under the Shining One
 12794 | D:12     | Reached skill level 11 in Invocations
 12794 | D:12     | Reached XP level 12. HP: 75/75 MP: 20/20
 12905 | D:12     | Reached skill level 10 in Maces & Flails
 13241 | D:12     | Found the +7 great mace "Firestarter" {inner flame, rF++}
 13322 | D:12     | Noticed a war gargoyle
 13487 | D:12     | Noticed a fire giant
 14402 | D:12     | Reached skill level 5 in Armour
 14752 | D:13     | Noticed a centaur warrior
 14773 | D:13     | Killed a centaur warrior
 14890 | D:13     | Noticed a two-headed ogre
 14904 | D:13     | Killed a two-headed ogre
 15207 | D:13     | Gained mutation: You are dopey. (Int -2) [potion of mutation]
 15207 | D:13     | Gained mutation: You have a pair of small antennae on your head. [potion of mutation]
 15208 | D:13     | Lost mutation: You are dopey. (Int -2) [potion of mutation]
 15208 | D:13     | Lost mutation: You have a pair of small antennae on your head. [potion of mutation]
 15208 | D:13     | Gained mutation: You have a pair of small antennae on your head. [potion of mutation]
 15208 | D:13     | Gained mutation: Your spells are a little harder to cast, but a little more powerful. [potion of mutation]
 15208 | D:13     | Gained mutation: You have large cloven feet. [potion of mutation]
 15341 | D:13     | Reached skill level 10 in Fighting
 15968 | D:14     | Noticed a six-headed hydra
 16143 | Orc:1    | Entered Level 1 of the Orcish Mines
 16223 | Orc:1    | Noticed an orc high priest
 16248 | Lair:1   | Entered Level 1 of the Lair of Beasts
 16326 | Lair:1   | Reached XP level 13. HP: 83/83 MP: 17/21
 16470 | Lair:1   | Noticed Gastronok
 16503 | Lair:1   | Killed Gastronok
 17073 | Lair:2   | Reached skill level 5 in Dodging
 17172 | Lair:2   | Reached skill level 12 in Invocations
 17755 | Lair:2   | Found a staircase to the Swamp.
 18257 | Orc:1    | Reached skill level 13 in Invocations
 18642 | Orc:2    | Entered Level 2 of the Orcish Mines
 18925 | Orc:2    | Found Aryhuita's Book Shoppe.
 18968 | Orc:2    | Found Faockimo's Antique Weapon Emporium.
 19064 | Orc:2    | Found a roughly hewn altar of Beogh.
 19109 | Orc:2    | Reached skill level 14 in Invocations
 19454 | Orc:2    | Noticed an ettin
 19466 | Orc:2    | Noticed Sonja
 19796 | Lair:3   | Gained mutation: Your large and strong wings let you fly indefinitely. [Gargoyle growth]
 19796 | Lair:3   | Reached XP level 14. HP: 48/90 MP: 10/24
 19904 | Lair:3   | Noticed VDreamerV's ghost (journeyman FoFi)
 19933 | Lair:3   | Killed VDreamerV's ghost
 20159 | Lair:3   | Identified Uklohan's Disquisition on the Rocks
 20168 | Lair:3   | Learned a level 1 spell: Sandblast
 20217 | Lair:3   | Reached skill level 1 in Earth Magic
 20248 | Lair:3   | Reached skill level 15 in Invocations
 20500 | Lair:3   | Found a hole to the Spider Nest.
 20737 | Lair:3   | Identified the Collected Works on Unholy Good Luck
 21034 | Lair:4   | Reached skill level 5 in Earth Magic
 21689 | Lair:4   | Noticed Snorg
 21705 | Lair:4   | Killed Snorg
 21707 | Lair:4   | Noticed Josephine
 21721 | Lair:4   | Killed Josephine
 22456 | Lair:5   | Reached skill level 10 in Earth Magic
 22534 | Lair:4   | Reached skill level 16 in Invocations
 22984 | Lair:5   | Reached **** piety under the Shining One
 23117 | Lair:5   | Found a viscous altar of Jiyva.
 23117 | Lair:5   | Found a staircase to the Slime Pits.
 23374 | Lair:6   | Entered Level 6 of the Lair of Beasts
 23419 | Lair:6   | Reached XP level 15. HP: 87/95 MP: 22/27
 25410 | Orc:2    | Found a staircase to the Elven Halls.
 25597 | Orc:2    | Killed Sonja
 25626 | Orc:2    | Noticed an orc warlord
 25676 | Orc:2    | Killed an orc warlord
 25737 | Orc:2    | Found a roughly hewn altar of Beogh.
 25839 | Orc:2    | Found Kouripn's General Store.
 25884 | Orc:2    | Found Efaimipn's Antique Armour Shop.
 26230 | D:12     | Killed a fire giant
 26427 | D:14     | Reached skill level 17 in Invocations
 26690 | D:14     | Reached XP level 16. HP: 103/103 MP: 12/28
 27101 | D:14     | Noticed Rupert
 27147 | D:14     | Killed Rupert
 27712 | D:14     | Found a gate to the Vaults.
 27967 | D:15     | Entered Level 15 of the Dungeon
 28005 | D:15     | Found Idwol's Gadget Boutique.
 28005 | D:15     | Noticed Roxanne
 28034 | D:15     | Found Imaob's Assorted Antiques.
 28046 | D:15     | Found Ossueg's Jewellery Boutique.
 28065 | D:15     | Found a sacrificial altar of Ru.
 28121 | D:15     | Found Cuen's Food Shop.
 28146 | D:15     | Found a labyrinth entrance.
 28161 | Lab      | Entered a labyrinth
 28315 | Lab      | Identified the Grimoire of Envenoming and the Volcanoes
 28346 | D:15     | Found a staircase to the Depths.
 28710 | D:15     | Killed Roxanne
 28710 | D:15     | Reached skill level 1 in Throwing
 28751 | D:15     | Bought a steaming troll leather armour for 600 gold pieces
 28751 | D:15     | Bought a potion of heal wounds for 150 gold pieces
 28761 | D:15     | Identified the +1 troll leather armour of Raidiwua {rElec Regen+} (You bought it in a shop on level 15 of the Dungeon)
 28772 | D:15     | Bought the ring of the Mage {Wiz MR++ Int+3} for 517 gold pieces
 28772 | D:15     | Found the ring of the Mage {Wiz MR++ Int+3}
 29440 | Swamp:1  | Entered Level 1 of the Swamp
 29843 | Swamp:1  | Reached ***** piety under the Shining One
 29865 | Swamp:1  | Noticed Nikola
 29888 | Swamp:1  | Killed Nikola
 30316 | Swamp:1  | Reached XP level 17. HP: 111/111 MP: 29/29
 30770 | Swamp:2  | Got a heavily runed bone ring
 30772 | Swamp:2  | Identified the ring "Tilid" {+Fly rPois} (You found it on level 2 of the Swamp)
 31373 | Swamp:2  | Got a shimmering brass ring
 31375 | Swamp:2  | Identified the ring of Qodumop {*Slow rF+ rC++ SInv} (You found it on level 2 of the Swamp)
 31527 | Swamp:3  | Reached skill level 5 in Throwing
 32048 | Swamp:3  | Noticed Donald
 32068 | Swamp:3  | Killed Donald
 32456 | Swamp:4  | Entered Level 4 of the Swamp
 32457 | Swamp:4  | Upgraded the game from 0.22-a0-373-gab1296c to 0.22-a0-374-g5dfd9e3
 32709 | Swamp:4  | Reached skill level 15 in Fighting
 33323 | Swamp:4  | Reached skill level 18 in Invocations
 33660 | Swamp:4  | Got a decaying rune of Zot
 33915 | Vaults:1 | Entered Level 1 of the Vaults
 34131 | Vaults:1 | Reached XP level 18. HP: 68/119 MP: 17/31
 34480 | Vaults:1 | Reached skill level 19 in Invocations
 36132 | Vaults:1 | Reached skill level 20 in Invocations
 37119 | Vaults:1 | HP: 3/119 [stone giant (15)]
 37119 | Vaults:1 | HP: 1/119 [shadow wraith (2)]
 37873 | Vaults:2 | Reached XP level 19. HP: 66/124 MP: 20/33
 37936 | Vaults:2 | Found a staircase to the Crypt.
 38209 | Vaults:2 | Noticed Saint Roka
 38893 | Spider:1 | Entered Level 1 of the Spider Nest
 39014 | Spider:1 | Noticed Frances
 39023 | Spider:1 | Killed Frances
 39109 | Spider:1 | Noticed Louise
 39143 | Spider:1 | Killed Louise
 39834 | Spider:2 | Reached skill level 10 in Armour
 39842 | Spider:2 | Noticed Asterion
 39849 | Spider:2 | Killed Asterion
 39863 | Spider:2 | Blown up by an orb spider

Vault maps used:
D:1:      lightli_arrival_farm, kennysheep_decorative_pillar
D:2:      cheibrodos_fertilizer, old_standard_altar
D:3:      nemelex_altar_shiori, kennysheep_generic_room_7
D:4:      first_ration, chequers_big_river
D:5:      lemuel_round_altar, serial_shops, shop_fountains,
          chequers_ossuary_entry_cave
D:6:      minmay_temple_entry_junction_2, serial_shops, shop
D:7:      gammafunk_temple_overflow_pools, the_bakery, uniq_duvessa,
          uniq_crazy_yiuf_cottage
D:8:      lemuel_doored_altar, nicolae_overflow_crystal_walls,
          grunt_ministairs_14, uniq_psyche
D:9:      minivault_16, minmay_bent
D:10:     uniq_harold
D:11:     erik_lair_orcish_takeover, david_orc_2, uniq_erolcha
D:12:     hangedman_abyss_or_decor_passed, minmay_hidden_floor
D:13:     portal_ice_cave_demonic_guard
D:14:     minmay_elf_outpost, hangedman_vaults_entry_quadrant_bands,
          minmay_misc_feat_five, uniq_rupert
D:15:     grunt_enter_depths_giant_problem, lab_entry_generic, serial_shops,
          nicolae_shop_temple_entry_statues_fountains, shop, shop,
          shop_fountains, nicolae_ru_awakened_eye, uniq_roxanne
Temple:   regret_index_temple_waves
Lair:1:   grunt_megastairs_2, uniq_gastronok
Lair:2:   minmay_swamp_entry_worms, minivault_27, grunt_megastairs_5
Lair:3:   nicolae_spider_entry_tight_spaces
Lair:4:   statuecave_lemuel, serial_bayou_shore_b, serial_bayou_shore_b,
          lemuel_fruit_tree, uniq_snorg, uniq_josephine
Lair:5:   dpeg_slime_entry_enclosed_altar, gammafunk_lair_bear_cave
Lair:6:   hangedman_lair_caniforms_friends, guppyfry_lair_end_dragon,
          fungi_pond_lemuel
Swamp:1:  nicolae_swamp_fairy_circle, uniq_nikola
Swamp:2:  hangedman_swamp_ruin_wall, swamp_pool2
Swamp:3:  evilmike_swamp_ruin_rubble_1, infiniplex_staircase_pool, uniq_donald
Swamp:4:  swamp_alternative, swamp_pool1
Spider:1: spider_trap, uniq_louise, uniq_frances
Spider:2: spider_trap, uniq_asterion
Orc:2:    pubby_orc_utopia, uniq_sonja
Vaults:1: nicolae_vaults_diagonal_hallway_9, nicolae_vaults_network_periphery,
          nicolae_vaults_ninety_degrees, v_misc_17,
          nicolae_vaults_mini_display_case, grunt_vaults_trifunnel,
          vaults_room_pool, nicolae_vaults_circle_grid_a, v_misc_8,
          nicolae_vaults_alarming
Vaults:2: nicolae_vaults_what_the_h, ontoclasm_vaults_chip,
          minmay_crypt_entry_simple_statues, nicolae_vaults_hallways_thing,
          v_misc_2, hangedman_vaults_stagger, dpeg_vaults_monster_box,
          uniq_saint_roka
Lab:      nicolae_lab_big_swirl
Ossuary:  ossuary_tomb_3

Skill      XL: |  1  2  3  4  5  6  7  8  9 10 11 12 13 14 15 16 17 18 19 |
---------------+----------------------------------------------------------+-----
Fighting       | 2 3 4 5 7 8 10 11 12 14 15 | 15.1
Maces & Flails | 1 2 3 4 6 8 9 11 12 14 | 14.9
Armour         | 2 3 5 7 10 | 10.7
Invocations    | 5 8 11 14 16 17 18 20 | 20.9
Shields        | 4 8 10 11 12 | 12.5
Dodging        | 4 5 |  5.0
Earth Magic    | 11 | 11.0
Throwing       | 3 6 |  6.4
Short Blades   | |  0.8
Stealth        | |  1.1
Evocations     | |  2.6

Action                   |  1- 3 |  4- 6 |  7- 9 | 10-12 | 13-15 | 16-18 | 19-21 || total
-------------------------+-------+-------+-------+-------+-------+-------+-------++-------
Melee: Short sword       |     4 |       |       |       |       |       |       ||     4
       Mace              |    53 |   116 |       |       |       |       |       ||   169
       Flail             |       |    77 |   433 |  1160 |  2682 |  2527 |       ||  6879
       Dire flail        |       |       |   116 |       |       |       |       ||   116
       Kick              |       |       |       |    44 |   897 |   162 |       ||  1103
       Great mace        |       |       |       |       |       |   116 |   135 ||   251
Throw: Tomahawk          |       |       |     3 |       |     5 |       |       ||     8
       Javelin           |       |       |       |       |       |    25 |     9 ||    34
Invok: Divine Shield     |       |       |       |    20 |    36 |    44 |     1 ||   101
       Cleansing Flame   |       |       |       |       |     7 |    19 |     3 ||    29
       Summon Divine War |       |       |       |       |       |     1 |       ||     1
 Abil: Stop Flying       |       |       |       |       |       |     2 |     2 ||     4
       Fly               |       |       |       |       |       |     1 |     2 ||     3
Evoke: Wand              |    16 |    11 |    14 |     2 |    11 |     8 |       ||    62
  Use: Scroll            |     4 |     8 |    16 |    17 |    13 |    22 |     3 ||    83
       Potion            |       |       |     2 |    10 |     5 |    10 |     3 ||    30
 Stab: Paralysed         |     1 |       |     3 |       |       |       |       ||     4
  Eat: Chunk             |     2 |     4 |    13 |    10 |    32 |    13 |     2 ||    76
       Ration            |       |     1 |     2 |     5 |     3 |    10 |     2 ||    23
Armor: Leather armour    |     1 |       |       |       |       |       |       ||     1
       Scale mail        |    28 |   129 |   366 |   401 |       |       |       ||   924
       Troll leather arm |       |       |       |    43 |   800 |   841 |       ||  1684
       Fire dragon scale |       |       |       |       |       |   114 |   144 ||   258
Dodge: Dodged            |    33 |   107 |   252 |   249 |   636 |   743 |    88 ||  2108
Block: Large shield      |       |       |   145 |  1350 |  3491 |  3559 |       ||  8545
       Reflection        |       |       |       |    54 |    36 |   123 |       ||   213
       Other             |       |       |       |     5 |       |   128 |    29 ||   162

Table legend:
 A = Spawn XP
 B = Non-spawn XP
 C = Spawn XP percentage of total XP
 D = Spawn monster count
 E = Non-spawn monster count
 F = Spawn count percentage of total count
 G = Total turns spent on level
                    A         B        C        D         E        F      G
               +---------+---------+-------+---------+---------+-------+---------
         Total |       0 |  344401 |   0.0 |       0 |    1202 |   0.0 | 39863
               +---------+---------+-------+---------+---------+-------+---------
           D:1 |       0 |      12 |   0.0 |       0 |       4 |   0.0 |  1070
           D:2 |       0 |     130 |   0.0 |       0 |      20 |   0.0 |   894
           D:3 |       0 |     141 |   0.0 |       0 |      22 |   0.0 |  1240
           D:4 |       0 |     503 |   0.0 |       0 |      25 |   0.0 |  1107
           D:5 |       0 |     797 |   0.0 |       0 |      31 |   0.0 |  1187
           D:6 |       0 |     763 |   0.0 |       0 |      22 |   0.0 |  1022
           D:7 |       0 |    1222 |   0.0 |       0 |      19 |   0.0 |  1145
           D:8 |       0 |     954 |   0.0 |       0 |      21 |   0.0 |   801
           D:9 |       0 |    5204 |   0.0 |       0 |      58 |   0.0 |  1543
          D:10 |       0 |    2216 |   0.0 |       0 |      12 |   0.0 |   627
          D:11 |       0 |    4736 |   0.0 |       0 |      50 |   0.0 |  1361
          D:12 |       0 |    6966 |   0.0 |       0 |      24 |   0.0 |  2278
          D:13 |       0 |    7690 |   0.0 |       0 |      41 |   0.0 |  1625
          D:14 |       0 |   34458 |   0.0 |       0 |      77 |   0.0 |  1739
          D:15 |       0 |   13690 |   0.0 |       0 |      30 |   0.0 |  1109
        Lair:1 |       0 |    4721 |   0.0 |       0 |      11 |   0.0 |   782
        Lair:2 |       0 |    8359 |   0.0 |       0 |      38 |   0.0 |  1450
        Lair:3 |       0 |    8308 |   0.0 |       0 |      26 |   0.0 |  1434
        Lair:4 |       0 |   15319 |   0.0 |       0 |      39 |   0.0 |  1321
        Lair:5 |       0 |    9170 |   0.0 |       0 |      33 |   0.0 |  1069
        Lair:6 |       0 |   20066 |   0.0 |       0 |      89 |   0.0 |  1629
       Swamp:1 |       0 |   16895 |   0.0 |       0 |      39 |   0.0 |  1445
       Swamp:2 |       0 |   12814 |   0.0 |       0 |      36 |   0.0 |   567
       Swamp:3 |       0 |   11558 |   0.0 |       0 |      26 |   0.0 |  1072
       Swamp:4 |       0 |   28199 |   0.0 |       0 |      43 |   0.0 |  1233
      Spider:1 |       0 |    8476 |   0.0 |       0 |      15 |   0.0 |   895
      Spider:2 |       0 |    9010 |   0.0 |       0 |      16 |   0.0 |    75
         Orc:1 |       0 |    2220 |   0.0 |       0 |      25 |   0.0 |   587
         Orc:2 |       0 |   19490 |   0.0 |       0 |     135 |   0.0 |  1969
      Vaults:1 |       0 |   53700 |   0.0 |       0 |      85 |   0.0 |  4194
      Vaults:2 |       0 |   34752 |   0.0 |       0 |      71 |   0.0 |   636
           Lab |       0 |    1708 |   0.0 |       0 |       3 |   0.0 |   178
       Ossuary |       0 |     154 |   0.0 |       0 |      16 |   0.0 |   452
               +---------+---------+-------+---------+---------+-------+---------
